 Dungeon Crawl Stone Soup version 0.27.1-37-g7b29ead8ac (console) character file.

Game seed: 1072322116735487364

2460 grimtooth the Martial Artist (level 9, -4/53 HPs)
             Began as an Octopode Transmuter on Dec 23, 2023.
             Was an Initiate of Ashenzari.
             Slain by a wyvern (15 damage)
             ... on level 8 of the Dungeon.
             The game lasted 00:34:06 (11013 turns).

grimtooth the Martial Artist (Octopode Transmuter) Turns: 11013, Time: 00:34:06

Health: -4/53      AC:  2    Str: 16    XL:     9   Next: 50%
Magic:  10/13      EV: 20    Int: 24    God:    Ashenzari [......]
Gold:   442        SH:  0    Dex: 21    Spells: 10/14 levels left

rFire    . . .     SeeInvis +     - Unarmed
rCold    + . .     Faith    .   (shield currently unavailable)
rNeg     . . .     Spirit   .   (helmet currently unavailable)
rPois    x         Reflect  .   (no amulet)
rElec    .         Harm     .   B - ring of Apeoromancy {Int+6, Cun, Melee} (curse)
rCorr    .         Rampage  .   u - ring of protection from cold
Will     .....                  A - +6 ring of strength
Stlth    ++........             v - ring "Jaiffued" {Dex+4 SInv}
HPRegen  0.17/turn              (no ring)
MPRegen  0.13/turn              (no ring)
                                (no ring)
                                (no ring)

@: spider-form
A: venomous fangs, almost no armour, (amphibious), 8 rings, tiny, (camouflage
1), (gelatinous body 1), (nimble swimmer 1), (tentacles)
a: End Transformation, Renounce Religion, Shatter the Chains


You were on level 8 of the Dungeon.
You worshipped Ashenzari.
Ashenzari was noncommittal.
You were a venomous arachnid creature.
You visited 2 branches of the dungeon, and saw 9 of its levels.

You collected 486 gold pieces.
You spent 44 gold pieces at shops.

Inventory:

Hand Weapons
 r - a +3 dagger
Missiles
 d - 26 stones
 e - 29 poisoned darts (quivered)
 n - 35 sling bullets
 D - 4 silver boomerangs
Magical Staves
 j - a staff of air
 w - a staff of cold
 C - a staff of conjuration
Jewellery
 u - a ring of protection from cold (right front leg)
 v - the ring "Jaiffued" (on tentacle) {Dex+4 SInv}
   (You found it on level 7 of the Dungeon)

   [ring of see invisible]

   Dex:       It affects your dexterity (+4).
   SInv:      It lets you see invisible.
 A - a +6 ring of strength (on tentacle)
 B - the cursed ring of Apeoromancy (left front leg) {Int+6, Cun, Melee}
   (You took it off a centaur on level 6 of the Dungeon)

   [ring of intelligence]

   Int:       It affects your intelligence (+6).
   It has a curse which improves the following skills: Cunning: Dodging and
   Stealth.
   Melee Combat: Short Blades, Long Blades, Axes, Maces & Flails, Polearms,
   Staves and Unarmed Combat.
Wands
 p - a wand of mindburst (1)
 x - a wand of paralysis (3)
 z - a wand of acid (9)
Scrolls
 a - a scroll of vulnerability
 b - 2 scrolls of teleportation
 c - 4 scrolls of amnesia
 f - 2 scrolls of summoning
 h - 2 scrolls of magic mapping
 i - 4 scrolls of immolation
 k - a scroll of acquirement
 m - a scroll of noise
 q - a scroll of enchant armour
 t - a scroll of torment
 y - 2 scrolls of enchant weapon
 F - 2 scrolls of blinking
Potions
 g - 2 potions of curing
 l - a potion of mutation
 o - 2 potions of ambrosia
 s - a potion of might
 E - a potion of lignification
 G - a potion of berserk rage
 H - a potion of heal wounds


   Skills:
 - Level 1.0 Fighting
 - Level 2.0(2.4) Dodging
 + Level 2.0(2.4) Stealth
 * Level 9.0(9.4) Unarmed Combat
 - Level 3.0 Spellcasting
 - Level 6.0 Transmutations
 * Level 4.0 Ice Magic
 - Level 6.0 Poison Magic


You had 10 spell levels left.
You knew the following spells:

 Your Spells              Type           Power      Damage    Failure   Level
B - Beastly Appendage     Tmut           64%        N/A       4%          1
S - Spider Form           Tmut/Pois      16%        N/A       10%         3

Your spell library contained the following spells:

 Spells                   Type           Power      Damage    Failure   Level
 Wereblood                Tmut           32%        N/A       6%          2
 Ice Form                 Ice/Tmut       27%        N/A       32%         4
 Stone Arrow              Conj/Erth      6%         3d7       54%         3
 Bolt of Magma            Conj/Fire/Erth 1%         4d4       99%         5
 Shatter                  Erth           1%         3d6*      100%        9


Dungeon Overview and Level Annotations

Branches:
Dungeon (8/15)             Temple (1/1) D:6
   Lair: D:8-11

Altars:
Ashenzari
Cheibriados
Dithmenos
Elyvilon
Fedhas
Gozag
Hepliaklqana
Kikubaaqudgha
Makhleb
Okawaru
Qazlal
Ru
Sif Muna
Uskayaw
Vehumet
Xom
Yredelemnul
Zin

Shops:
D:1 ?   D:7 (

Annotations:
D:3 exclusion: goblin, Purgy
D:7 exclusions: hornet and ogre


Innate Abilities, Weirdness & Mutations

You are a venomous arachnid creature.
You have poisonous fangs.
You are tiny and dextrous.
Your spellcasting is less reliable in this form.
Your armour is entirely melded.
You are incapable of wielding weapons or throwing items.
You cannot wear most types of armour.
((You are amphibious.))
You can wear up to eight rings at the same time.
((Your skin changes colour to match your surroundings (Stealth+).))
((Your rubbery body absorbs attacks. (AC +1, EV +1)))
((You are camouflaged near water. (Stealth+)))
((You have tentacles for arms and can constrict up to eight enemies at once.))


Message History

Casting: Beastly Appendage (safe; 1% risk of failure)
Confirm with . or Enter, or press ? or * to list all spells.
One of your tentacles grows a vicious spike.
You tentacle-slap the gnoll. You grab the gnoll.
You pierce the gnoll.
You kill the gnoll!
i - 4 scrolls of immolation (gained 1)
Things that are here:
a +0 flail; a gnoll corpse
e - 23 poisoned darts (gained 1)
Items here: )) [ †.
e - 24 poisoned darts (gained 1)
e - 25 poisoned darts (gained 1)
Things that are here:
a +0 whip; a gnoll corpse
e - 26 poisoned darts (gained 1)
Your transformation is almost over.
Your tentacle spike disappears.
e - 27 poisoned darts (gained 1)
e - 28 poisoned darts (gained 1)
e - 29 poisoned darts (gained 1)
Found 9 gold pieces.
You now have 442 gold pieces (gained 9).
A wyvern comes into view.
The wyvern hisses angrily.
Casting: Beastly Appendage (safe; 1% risk of failure)
Confirm with . or Enter, or press ? or * to list all spells.
You turn into a venomous arachnid creature.
The wyvern closely misses you.
You hit the wyvern.
The wyvern is poisoned.
The wyvern is lightly wounded.
The wyvern bites you!
You hit the wyvern.
The wyvern is moderately wounded.
The wyvern closely misses you.
You barely miss the wyvern.
The wyvern is moderately wounded.
The wyvern bites you! The wyvern bites you!!
* * * LOW HITPOINT WARNING * * *
The wyvern bites you!
You die...

..........####.............!....#
....####..##......)...).)...##...
...#...........###..##...####
...#........######..##.###
####>.......# #...##.# ##.#######
######## #.# #.# #.# #####
#.#######...#### #........###sl.#
#########.#####..# ### #....
#..... #####


You could see a wyvern (very poisoned).

Vanquished Creatures
  A basilisk (D:7)
  Eustachio (D:4)
  A steam dragon (D:6)
  A sky beast (D:6)
  An orc warrior (D:8)
  3 necrophages
  A centaur (D:6)
  An ogre (D:5)
  2 bullfrogs
  A gnoll sergeant (D:8)
  2 scorpions
  2 water moccasin skeletons
  5 howler monkeys
  A centaur zombie (D:6)
  4 hounds
  A bullfrog skeleton (D:7)
  A gnoll shaman (D:6)
  An orc priest (D:5)
  2 centaur skeletons (D:4)
  4 iguanas
  Natasha (thrice) (D:3)
  2 orc wizards (D:8)
  A killer bee zombie (D:8)
  A howler monkey zombie (D:7)
  A howler monkey skeleton (D:5)
  11 gnolls
  7 adders
  A white imp (D:6)
  An ufetubus (D:6)
  3 adder skeletons (D:4)
  A worm (D:2)
  A dart slug (D:2)
  15 orcs
  7 ball pythons
  7 bats
  7 endoplasms
  4 giant cockroaches
  4 goblins
  6 hobgoblins
  10 jackals
  2 kobolds
  4 quokkas
  4 frilled lizards
  5 rats
144 creatures vanquished.

Vanquished Creatures (others)
  8 fungi (D:8)
  5 toadstools (D:8)
13 creatures vanquished.

Grand Total: 157 creatures vanquished

Notes
Turn   | Place    | Note
-------+----------+-------------------------------------------
     0 | D:1      | grimtooth the Octopode Transmuter began the quest for the
                  | Orb.
     0 | D:1      | Reached XP level 1. HP: 13/13 MP: 3/3
   284 | D:1      | Reached skill level 1 in Stealth
   285 | D:1      | Found a faded altar of an unknown god.
   320 | D:1      | Found Extylas's Magic Scroll Boutique.
   331 | D:1      | Bought a scroll of identify for 22 gold pieces
   388 | D:1      | Reached XP level 2. HP: 9/18 MP: 5/5
   752 | D:1      | Reached XP level 3. HP: 23/23 MP: 6/6
  1304 | D:1      | Learned a level 3 spell: Spider Form
  1331 | D:1      | Bought a scroll of identify for 22 gold pieces
  1549 | D:2      | Reached skill level 4 in Unarmed Combat
  2238 | D:3      | Reached XP level 4. HP: 28/28 MP: 7/7
  2277 | D:3      | Noticed Purgy
  2510 | D:3      | Noticed Natasha
  2518 | D:3      | Killed Natasha
  2534 | D:3      | Noticed Natasha
  2856 | D:3      | Killed Natasha
  2857 | D:3      | Reached skill level 5 in Unarmed Combat
  2857 | D:3      | Reached XP level 5. HP: 20/33 MP: 6/8
  3041 | D:3      | Noticed Natasha
  3224 | D:3      | Killed Natasha
  3813 | D:4      | Noticed Eustachio
  4181 | D:4      | Reached XP level 6. HP: 38/38 MP: 7/9
  4477 | D:4      | Reached skill level 6 in Unarmed Combat
  4757 | D:5      | Entered Level 5 of the Dungeon
  5122 | D:5      | Reached XP level 7. HP: 37/43 MP: 8/10
  5997 | D:6      | Reached skill level 7 in Unarmed Combat
  6068 | D:6      | Found a radiant altar of Vehumet.
  6072 | D:6      | Found a white marble altar of Elyvilon.
  6101 | D:6      | Noticed a steam dragon
  6427 | D:6      | Reached skill level 8 in Unarmed Combat
  6427 | D:6      | Reached skill level 5 in Transmutations
  6427 | D:6      | Reached XP level 8. HP: 20/48 MP: 9/11
  7017 | D:6      | Found a staircase to the Ecumenical Temple.
  7238 | Temple   | Entered the Ecumenical Temple
  7243 | Temple   | Became a worshipper of Ashenzari the Shackled
  7243 | Temple   | Identified a scroll of acquirement
  7399 | D:6      | Reached skill level 9 in Unarmed Combat
  7583 | D:7      | Reached skill level 1 in Poison Magic
  7629 | D:7      | Identified the ring "Jaiffued" {Dex+4 SInv}
  7703 | D:7      | Found a basalt altar of Yredelemnul.
  7719 | D:7      | Reached skill level 1 in Ice Magic
  7732 | D:7      | Noticed a hornet
  8084 | D:7      | Found Fueluby's Weapon Emporium.
  8975 | D:4      | Killed Eustachio
  8976 | D:4      | Reached XP level 9. HP: 43/53 MP: 9/13
  9837 | D:7      | Reached skill level 5 in Poison Magic
 11013 | D:8      | Slain by a wyvern

Illustrated notes

Levels and vault maps discovered:
D:1:      ebering_trefoil_twist, layout_basic, ebering_ecumenical_altar_box,
          serial_shops, shop_statue, amcnicky_mini_rare_corridor_liquid,
          minmay_splitting_lines
D:2:      layout_loops_cross, st_stairs_9
D:3:      layout_rooms, uniq_natasha, uniq_purgy
D:4:      layout_loops_ring, uniq_eustachio
D:5:      layout_loops_ring
D:6:      layout_rooms, grunt_temple_overflow_open, minmay_temple_entry_waves
D:7:      layout_basic, general_overflow_altar, serial_shops,
          nicolae_shop_behind_doors
D:8:      layout_rooms, erik_lair_dragon, minmay_gold_behind_fungi
Temple:   minmay_freezing_vapour_temple

Skill      XL: |  1  2  3  4  5  6  7  8  9 |
---------------+----------------------------+-----
Stealth        | 1 2 |  2.0
Unarmed Combat | 4 5 6 8 9 |  9.0
Transmutations | 3 4 5 6 |  6.0
Poison Magic   | 3 6 |  6.0
Ice Magic      | 2 4 |  4.0
Spellcasting   | 3 |  3.0
Fighting       | |  1.0
Dodging        | |  2.0

Action                   |  1- 3 |  4- 6 |  7- 9 || total
-------------------------+-------+-------+-------++-------
Melee: Unarmed           |    89 |   119 |   147 ||   355
       Constrict         |    24 |    32 |    25 ||    81
       Kick              |     6 |    21 |    27 ||    54
       Tentacles         |    14 |    22 |    24 ||    60
       Punch             |     3 |     6 |     6 ||    15
       Dagger            |       |       |     2 ||     2
Throw: Stone             |     5 |     6 |       ||    11
       Dart              |    15 |    14 |    60 ||    89
 Cast: Beastly Appendage |     6 |    17 |    32 ||    55
       Spider Form       |       |       |    12 ||    12
Invok: Curse Item        |       |       |     1 ||     1
Evoke: Wand              |       |       |     9 ||     9
  Use: Scroll            |     4 |     2 |     4 ||    10
       Potion            |       |     1 |     2 ||     3
 Stab: Sleeping          |    12 |     9 |     7 ||    28
       Paralysed         |       |       |     2 ||     2
Armor: Skin              |     8 |     7 |     4 ||    19
Dodge: Dodged            |    50 |    72 |   120 ||   242
